[ PARTIDA AOE2 · #481624111 ]
UnrankedPersas vs Chinese
[ ANÁLISIS DE REPETICIÓN · EXTRAÍDO DE LA PARTIDA GRABADA ]
Feudal
—
Castillos
—
Imperial
—
| APM promedio | 23.4 |
| APM pico | 75 |
| eAPM promedio | 17.7 |
| Aldeanos / militares | 163 / 122 |
Foco
⚔️ 30.2% · 🌾 69.8%
Knight ×41 · Skirmisher ×38 · Trade Cart ×35 · Camel Scout ×23 · War Elephant ×10 · Battering Ram ×4
Feudal
15:14
Castillos
26:50
Imperial
49:09
| APM promedio | 19.1 |
| APM pico | 59 |
| eAPM promedio | 5.4 |
| Aldeanos / militares | 59 / 13 |
Foco
⚔️ 18.8% · 🌾 81.2%
Janissary ×10 · Trade Cart ×5 · Scout Cavalry ×2 · Bombard Cannon ×1
Feudal
12:34
Castillos
18:16
Imperial
40:34
| APM promedio | 30.6 |
| APM pico | 62 |
| eAPM promedio | 15.4 |
| Aldeanos / militares | 98 / 152 |
Foco
⚔️ 31.1% · 🌾 68.9%
Knight ×61 · Chu Ko Nu ×43 · Spearman ×42 · Monk ×2 · Scorpion ×2 · Trebuchet (Packed) ×2
Feudal
12:19
Castillos
20:42
Imperial
—
| APM promedio | 6.3 |
| APM pico | 49 |
| eAPM promedio | 2.1 |
| Aldeanos / militares | 24 / 0 |
Foco
⚔️ 3.4% · 🌾 96.6%
Feudal
12:08
Castillos
25:39
Imperial
47:23
| APM promedio | 18.9 |
| APM pico | 84 |
| eAPM promedio | 9.9 |
| Aldeanos / militares | 69 / 116 |
Foco
⚔️ 31.7% · 🌾 68.3%
Archer ×76 · Fire Lancer ×29 · Trade Cart ×11 · Battering Ram ×4 · Rattan Archer ×3 · Mangonel ×2
Feudal
—
Castillos
—
Imperial
—
| APM promedio | 11.9 |
| APM pico | 85 |
| eAPM promedio | 0.3 |
| Aldeanos / militares | 8 / 0 |
Foco
⚔️ 0.0% · 🌾 100.0%
Mapa de la partida
Recursos iniciales + cada clic de construcción. Líneas = muros · curvas = relieve. ◆ oro · ⬟ piedra · ● bayas · ✦ reliquia · ◌ hueco del cierre
Tu base· Abierta — flanco sin cerrar
Base de Tolly Wonka· Abierta — flanco sin cerrar
Base de migrator· Abierta — flanco sin cerrar
Base de 宝可梦大师盖欧卡· Abierta — flanco sin cerrar
Base de MEYMANEUSARİ· Abierta — hueco de 4t
Base de SFYR· Abierta — flanco sin cerrar
Terreno inicial suavizado · ◌ = hueco del cierre detectado · pasá el cursor para detalles
Inputs por minuto
— PrawnUnit4591 - - Tolly Wonka
Build order — PrawnUnit4591
Primeras 150 de 549 acciones detectadas
| 0:04 | Crear | Villager (Male) |
| 0:05 | Crear | Villager (Male) |
| 0:05 | Crear | Villager (Male) |
| 0:06 | Crear | Villager (Male) |
| 0:06 | Crear | Villager (Male) |
| 0:06 | Crear | Villager (Male) |
| 0:31 | Construir | House |
| 0:45 | Construir | House |
| 0:50 | Construir | House |
| 2:28 | Crear | Villager (Male) |
| 2:28 | Crear | Villager (Male) |
| 3:00 | Crear | Villager (Male) |
| 3:25 | Crear | Villager (Male) |
| 3:47 | Crear | Villager (Male) |
| 4:13 | Crear | Villager (Male) |
| 4:31 | Construir | Lumber Camp |
| 4:55 | Crear | Villager (Male) |
| 5:15 | Crear | Villager (Male) |
| 5:38 | Crear | Villager (Male) |
| 5:57 | Construir | Mill |
| 6:04 | Crear | Villager (Male) |
| 6:36 | Construir | House |
| 6:38 | Construir | House |
| 6:39 | Construir | House |
| 6:40 | Construir | House |
| 6:45 | Construir | House |
| 6:47 | Construir | House |
| 6:58 | Crear | Villager (Male) |
| 6:58 | Crear | Villager (Male) |
| 7:08 | Crear | Villager (Male) |
| 7:29 | Crear | Villager (Male) |
| 7:29 | Crear | Villager (Male) |
| 7:45 | Crear | Villager (Male) |
| 8:06 | Crear | Villager (Male) |
| 8:09 | Crear | Villager (Male) |
| 8:26 | Crear | Villager (Male) |
| 8:50 | Crear | Villager (Male) |
| 8:50 | Crear | Villager (Male) |
| 9:02 | Crear | Villager (Male) |
| 9:08 | Crear | Villager (Male) |
| 9:08 | Crear | Villager (Male) |
| 9:15 | Crear | Villager (Male) |
| 9:15 | Crear | Villager (Male) |
| 9:55 | Construir | Mill |
| 10:09 | Construir | House |
| 10:12 | Construir | House |
| 10:13 | Construir | House |
| 10:18 | Construir | House |
| 10:18 | Construir | House |
| 10:18 | Construir | House |
| 10:19 | Construir | House |
| 10:19 | Construir | House |
| 10:20 | Construir | House |
| 10:20 | Construir | House |
| 10:26 | Crear | Villager (Male) |
| 10:26 | Crear | Villager (Male) |
| 10:26 | Crear | Villager (Male) |
| 10:27 | Crear | Villager (Male) |
| 10:35 | Crear | Villager (Male) |
| 11:03 | Crear | Villager (Male) |
| 11:03 | Crear | Villager (Male) |
| 11:27 | Crear | Villager (Male) |
| 12:33 | Crear | Villager (Male) |
| 12:58 | Crear | Villager (Male) |
| 13:01 | Investigar | Feudal Age |
| 13:08 | Construir | Mining Camp |
| 13:30 | Construir | Mining Camp |
| 14:45 | Construir | House |
| 14:47 | Construir | House |
| 14:51 | Construir | House |
| 14:53 | Construir | House |
| 15:07 | Investigar | Wheelbarrow |
| 15:09 | Investigar | Horse Collar |
| 15:10 | Investigar | Double-Bit Axe |
| 15:12 | Investigar | Stone Mining |
| 15:12 | Investigar | Gold Mining |
| 15:29 | Construir | Farm |
| 15:31 | Construir | Farm |
| 15:38 | Construir | Farm |
| 15:45 | Crear | Villager (Male) |
| 15:45 | Crear | Villager (Male) |
| 16:10 | Crear | Villager (Male) |
| 16:26 | Construir | Market |
| 16:30 | Crear | Villager (Male) |
| 16:34 | Construir | Farm |
| 16:34 | Construir | Farm |
| 16:35 | Construir | Farm |
| 16:35 | Construir | Farm |
| 16:36 | Construir | Farm |
| 16:36 | Construir | Farm |
| 16:37 | Construir | Farm |
| 16:38 | Construir | Farm |
| 16:54 | Construir | Stone Wall |
| 16:56 | Crear | Villager (Male) |
| 17:08 | Construir | Farm |
| 17:26 | Construir | Stone Wall |
| 17:30 | Crear | Villager (Male) |
| 17:41 | Crear | Villager (Male) |
| 17:58 | Construir | Market |
| 18:09 | Construir | Lumber Camp |
| 18:11 | Crear | Villager (Male) |
| 18:12 | Crear | Villager (Male) |
| 18:13 | Crear | Villager (Male) |
| 18:25 | Construir | Blacksmith |
| 18:29 | Crear | Villager (Male) |
| 18:29 | Crear | Villager (Male) |
| 18:35 | Construir | Farm |
| 18:53 | Construir | Mill |
| 18:54 | Construir | Farm |
| 19:01 | Construir | Farm |
| 19:03 | Crear | Villager (Male) |
| 19:04 | Crear | Villager (Male) |
| 19:47 | Crear | Villager (Male) |
| 20:08 | Construir | Stone Wall |
| 20:19 | Construir | Stone Wall |
| 20:24 | Construir | Stone Wall |
| 20:28 | Crear | Villager (Male) |
| 20:29 | Crear | Villager (Male) |
| 20:37 | Construir | Farm |
| 20:37 | Construir | Farm |
| 20:44 | Construir | Farm |
| 20:45 | Construir | Farm |
| 20:47 | Crear | Villager (Male) |
| 21:35 | Crear | Villager (Male) |
| 21:44 | Investigar | Castle Age |
| 23:44 | Investigar | Gold Mining |
| 24:20 | Investigar | Loom |
| 24:26 | Investigar | Hand Cart |
| 24:27 | Investigar | Heavy Plow |
| 24:30 | Investigar | Bow Saw |
| 24:35 | Investigar | Gold Shaft Mining |
| 24:35 | Investigar | Stone Shaft Mining |
| 24:43 | Crear | Trade Cart |
| 24:44 | Crear | Trade Cart |
| 24:44 | Crear | Trade Cart |
| 24:45 | Crear | Trade Cart |
| 24:45 | Crear | Trade Cart |
| 24:46 | Crear | Trade Cart |
| 24:52 | Crear | Trade Cart |
| 24:52 | Crear | Trade Cart |
| 24:53 | Crear | Trade Cart |
| 24:53 | Crear | Trade Cart |
| 24:53 | Crear | Trade Cart |
| 24:53 | Crear | Trade Cart |
| 25:42 | Construir | Lumber Camp |
| 26:10 | Crear | Villager (Male) |
| 26:10 | Crear | Villager (Male) |
| 26:11 | Crear | Villager (Male) |
| 26:24 | Construir | Town Center |
| 26:34 | Construir | Town Center |
Build order — Tolly Wonka
142 acciones detectadas en el replay
| 0:55 | Construir | House |
| 1:06 | Investigar | Loom |
| 1:17 | Crear | Villager (Male) ×4 |
| 1:58 | Construir | House |
| 3:06 | Crear | Villager (Male) |
| 3:15 | Construir | Mill |
| 3:25 | Construir | House |
| 4:12 | Crear | Villager (Male) |
| 4:40 | Construir | Outpost |
| 4:45 | Crear | Villager (Male) |
| 5:18 | Construir | Outpost |
| 5:18 | Crear | Villager (Male) |
| 5:19 | Crear | Villager (Male) |
| 5:53 | Crear | Villager (Male) |
| 6:28 | Construir | Outpost |
| 6:32 | Crear | Villager (Male) |
| 6:32 | Crear | Villager (Male) |
| 6:32 | Crear | Villager (Male) |
| 6:50 | Crear | Villager (Male) |
| 6:50 | Crear | Villager (Male) |
| 7:27 | Crear | Villager (Male) |
| 7:28 | Crear | Villager (Male) |
| 7:28 | Crear | Villager (Male) |
| 7:36 | Crear | Villager (Male) |
| 7:44 | Construir | House |
| 7:47 | Construir | House |
| 7:51 | Crear | Villager (Male) |
| 8:22 | Crear | Villager (Male) |
| 8:22 | Crear | Villager (Male) |
| 8:45 | Construir | Mining Camp |
| 8:56 | Crear | Villager (Male) |
| 8:57 | Crear | Villager (Male) |
| 9:29 | Crear | Villager (Male) |
| 9:54 | Construir | Mining Camp |
| 11:10 | Construir | Lumber Camp |
| 13:04 | Investigar | Feudal Age |
| 13:45 | Construir | House |
| 13:47 | Construir | House |
| 13:48 | Construir | House |
| 14:47 | Construir | Mill |
| 15:14 | Edad | Edad Feudal |
| 15:37 | Investigar | Wheelbarrow |
| 15:54 | Investigar | Double-Bit Axe |
| 16:20 | Crear | Villager (Male) |
| 16:26 | Crear | Villager (Male) |
| 16:39 | Crear | Villager (Male) |
| 17:11 | Construir | Mill |
| 17:36 | Crear | Villager (Male) ×3 |
| 18:01 | Construir | Mining Camp |
| 18:14 | Crear | Villager (Male) |
| 18:29 | Construir | Lumber Camp |
| 19:42 | Construir | Lumber Camp |
| 19:47 | Crear | Villager (Male) |
| 19:52 | Investigar | Stone Mining |
| 19:52 | Investigar | Gold Mining |
| 20:29 | Construir | Lumber Camp |
| 20:44 | Investigar | Horse Collar |
| 21:13 | Construir | Farm |
| 21:13 | Construir | Farm |
| 21:15 | Construir | Farm |
| 21:16 | Construir | Farm |
| 21:18 | Construir | Farm |
| 21:47 | Construir | Blacksmith |
| 21:54 | Construir | Market |
| 24:10 | Investigar | Castle Age |
| 24:32 | Construir | Barracks |
| 25:08 | Investigar | Scale Barding Armor |
| 25:54 | Construir | Stable |
| 25:55 | Construir | Stable |
| 25:59 | Construir | Stable |
| 26:08 | Investigar | Forging |
| 26:24 | Construir | Stable |
| 26:33 | Construir | Mining Camp |
| 26:50 | Edad | Edad de los Castillos |
| 26:52 | Investigar | Bloodlines |
| 27:22 | Construir | Castle |
| 27:27 | Crear | Scout Cavalry |
| 28:15 | Crear | Scout Cavalry |
| 29:23 | Construir | Farm |
| 29:25 | Construir | Farm |
| 29:26 | Construir | Farm |
| 29:28 | Construir | Farm |
| 29:29 | Construir | Farm |
| 29:30 | Construir | Farm |
| 29:32 | Construir | Farm |
| 29:33 | Construir | Farm |
| 29:35 | Construir | Farm |
| 29:36 | Construir | Farm |
| 29:38 | Construir | Farm |
| 29:39 | Construir | Farm |
| 29:40 | Construir | Farm |
| 29:44 | Investigar | Heavy Plow |
| 29:52 | Crear | Villager (Male) |
| 30:00 | Construir | Mining Camp |
| 31:53 | Investigar | Hand Cart |
| 31:54 | Investigar | Bow Saw |
| 32:29 | Construir | Castle |
| 33:21 | Construir | Town Center |
| 33:39 | Investigar | Gold Shaft Mining |
| 35:24 | Construir | University |
| 35:47 | Construir | Stone Wall |
| 35:52 | Construir | Stone Wall |
| 35:56 | Crear | Villager (Male) |
| 37:02 | Crear | Villager (Male) ×5 |
| 37:41 | Crear | Janissary |
| 38:18 | Construir | Stone Wall |
| 38:24 | Construir | Stone Wall |
| 38:44 | Crear | Janissary ×4 |
| 39:36 | Construir | Stone Wall |
| 40:24 | Construir | Stone Wall |
| 40:49 | Construir | Stone Wall |
| 40:56 | Construir | Gate |
| 41:07 | Construir | Stone Wall |
| 41:26 | Construir | Mill |
| 41:40 | Construir | Farm |
| 41:53 | Construir | Lumber Camp |
| 42:01 | Construir | Lumber Camp |
| 42:17 | Construir | Gate |
| 42:24 | Construir | Farm |
| 42:42 | Construir | Siege Workshop |
| 42:57 | Construir | Town Center |
| 43:20 | Construir | Mining Camp |
| 43:28 | Crear | Villager (Male) ×5 |
| 43:43 | Construir | Farm |
| 43:56 | Construir | Farm |
| 44:19 | Crear | Villager (Male) ×5 |
| 44:36 | Construir | Farm |
| 44:56 | Construir | Farm |
| 45:59 | Investigar | Imperial Age |
| 46:06 | Construir | Mining Camp |
| 46:14 | Construir | Farm |
| 46:19 | Crear | Villager (Male) ×4 |
| 46:40 | Investigar | Treadmill Crane |
| 46:50 | Investigar | Padded Archer Armor |
| 48:01 | Crear | Janissary ×5 |
| 48:04 | Investigar | Leather Archer Armor |
| 48:55 | Investigar | Caravan |
| 48:56 | Crear | Trade Cart ×5 |
| 49:01 | Crear | Villager (Male) ×5 |
| 49:09 | Edad | Edad Imperial |
| 49:36 | Construir | Town Center |
| 49:43 | Crear | Bombard Cannon |
Build order — migrator
Primeras 150 de 303 acciones detectadas
| 0:04 | Investigar | Loom |
| 0:09 | Construir | Mill |
| 1:51 | Crear | Villager (Male) |
| 1:51 | Crear | Villager (Male) |
| 2:24 | Crear | Villager (Male) |
| 2:24 | Crear | Villager (Male) |
| 2:24 | Crear | Villager (Male) |
| 3:29 | Crear | Villager (Male) |
| 3:30 | Crear | Villager (Male) |
| 3:30 | Crear | Villager (Male) |
| 3:30 | Crear | Villager (Male) |
| 3:52 | Crear | Villager (Male) |
| 3:52 | Crear | Villager (Male) |
| 4:40 | Crear | Villager (Male) |
| 4:40 | Crear | Villager (Male) |
| 4:40 | Crear | Villager (Male) |
| 5:27 | Crear | Villager (Male) |
| 5:27 | Crear | Villager (Male) |
| 5:27 | Crear | Villager (Male) |
| 5:40 | Construir | Lumber Camp |
| 6:05 | Construir | House |
| 6:42 | Construir | House |
| 6:44 | Crear | Villager (Male) |
| 6:44 | Crear | Villager (Male) |
| 6:44 | Crear | Villager (Male) |
| 6:45 | Crear | Villager (Male) |
| 6:45 | Crear | Villager (Male) |
| 7:13 | Construir | House |
| 8:46 | Crear | Villager (Male) |
| 9:37 | Crear | Villager (Male) |
| 10:07 | Construir | Mining Camp |
| 10:24 | Investigar | Feudal Age |
| 10:38 | Crear | Villager (Male) |
| 11:12 | Construir | Barracks |
| 11:29 | Construir | Farm |
| 11:30 | Construir | Farm |
| 12:18 | Construir | Farm |
| 12:34 | Edad | Edad Feudal |
| 12:54 | Crear | Villager (Male) |
| 13:15 | Crear | Villager (Male) |
| 13:37 | Construir | Lumber Camp |
| 13:40 | Crear | Villager (Male) |
| 13:50 | Construir | Market |
| 13:59 | Construir | Blacksmith |
| 14:18 | Crear | Villager (Male) |
| 14:37 | Crear | Villager (Male) |
| 15:16 | Construir | Farm |
| 15:18 | Construir | Farm |
| 15:36 | Investigar | Castle Age |
| 15:36 | Investigar | Castle Age |
| 15:53 | Construir | House |
| 15:56 | Construir | House |
| 15:58 | Construir | House |
| 16:20 | Construir | Farm |
| 16:53 | Construir | Farm |
| 16:56 | Construir | Farm |
| 16:58 | Investigar | Horse Collar |
| 16:59 | Investigar | Horse Collar |
| 17:26 | Construir | Farm |
| 17:27 | Investigar | Double-Bit Axe |
| 17:32 | Investigar | Gold Mining |
| 17:38 | Construir | Mining Camp |
| 17:45 | Construir | House |
| 17:51 | Crear | Villager (Male) |
| 17:51 | Crear | Villager (Male) |
| 18:12 | Crear | Villager (Male) |
| 18:16 | Edad | Edad de los Castillos |
| 18:26 | Construir | Farm |
| 18:29 | Investigar | Bow Saw |
| 18:42 | Investigar | Heavy Plow |
| 19:08 | Construir | Farm |
| 19:32 | Construir | Farm |
| 19:33 | Crear | Villager (Male) |
| 19:33 | Crear | Villager (Male) |
| 19:41 | Crear | Villager (Male) |
| 20:21 | Construir | Town Center |
| 20:22 | Crear | Villager (Male) |
| 20:23 | Crear | Villager (Male) |
| 20:29 | Construir | Farm |
| 21:15 | Construir | Farm |
| 21:17 | Crear | Villager (Male) |
| 22:10 | Crear | Villager (Male) |
| 22:10 | Crear | Villager (Male) |
| 22:10 | Crear | Villager (Male) |
| 22:10 | Crear | Villager (Male) |
| 22:19 | Construir | Town Center |
| 22:21 | Crear | Villager (Male) |
| 22:25 | Construir | Farm |
| 22:28 | Construir | Farm |
| 22:34 | Construir | Farm |
| 22:37 | Crear | Villager (Male) |
| 22:38 | Crear | Villager (Male) |
| 23:08 | Construir | House |
| 23:13 | Construir | Stable |
| 23:14 | Construir | Stable |
| 23:41 | Construir | Palisade Gate |
| 23:44 | Construir | House |
| 24:27 | Crear | Knight |
| 24:27 | Crear | Knight |
| 24:44 | Crear | Villager (Male) |
| 24:44 | Crear | Villager (Male) |
| 25:01 | Construir | Farm |
| 25:02 | Construir | Farm |
| 25:05 | Crear | Knight |
| 25:10 | Crear | Villager (Male) |
| 25:24 | Investigar | Scale Barding Armor |
| 25:40 | Investigar | Bloodlines |
| 25:47 | Construir | Siege Workshop |
| 25:55 | Construir | Farm |
| 25:57 | Crear | Knight |
| 25:59 | Construir | Stable |
| 26:32 | Crear | Scorpion |
| 26:35 | Construir | Farm |
| 26:54 | Crear | Knight |
| 26:54 | Crear | Knight |
| 26:57 | Investigar | Husbandry |
| 27:13 | Construir | House |
| 27:15 | Construir | House |
| 27:33 | Construir | Farm |
| 27:33 | Construir | Farm |
| 27:33 | Construir | Farm |
| 27:34 | Construir | Farm |
| 27:34 | Construir | Farm |
| 27:45 | Crear | Knight |
| 27:48 | Crear | Villager (Male) |
| 27:48 | Crear | Villager (Male) |
| 27:48 | Crear | Villager (Male) |
| 27:49 | Crear | Villager (Male) |
| 28:10 | Crear | Villager (Male) |
| 28:10 | Crear | Villager (Male) |
| 29:10 | Investigar | Fletching |
| 29:11 | Investigar | Forging |
| 29:17 | Investigar | Gold Shaft Mining |
| 29:22 | Crear | Scorpion |
| 29:25 | Crear | Knight |
| 29:25 | Crear | Knight |
| 29:25 | Crear | Knight |
| 29:36 | Construir | Farm |
| 29:37 | Crear | Villager (Male) |
| 29:38 | Crear | Villager (Male) |
| 29:38 | Crear | Villager (Male) |
| 29:41 | Crear | Villager (Male) |
| 29:41 | Crear | Villager (Male) |
| 29:41 | Crear | Villager (Male) |
| 30:26 | Crear | Villager (Male) |
| 30:27 | Crear | Villager (Male) |
| 30:27 | Crear | Villager (Male) |
| 30:33 | Investigar | Wheelbarrow |
| 30:36 | Crear | Villager (Male) |
| 30:37 | Crear | Villager (Male) |
Build order — 宝可梦大师盖欧卡
55 acciones detectadas en el replay
| 0:10 | Construir | House |
| 0:15 | Construir | House |
| 0:33 | Crear | Villager (Male) |
| 0:34 | Crear | Villager (Male) |
| 0:34 | Crear | Villager (Male) |
| 0:34 | Crear | Villager (Male) |
| 0:34 | Crear | Villager (Male) |
| 2:20 | Crear | Villager (Male) |
| 2:56 | Crear | Villager (Male) |
| 2:57 | Crear | Villager (Male) |
| 2:57 | Crear | Villager (Male) |
| 3:47 | Construir | Mill |
| 5:03 | Construir | Lumber Camp |
| 5:13 | Crear | Villager (Male) |
| 5:13 | Crear | Villager (Male) |
| 5:34 | Crear | Villager (Male) |
| 6:18 | Crear | Villager (Male) |
| 7:26 | Crear | Villager (Male) |
| 7:26 | Crear | Villager (Male) |
| 7:39 | Construir | House |
| 8:03 | Crear | Villager (Male) |
| 8:49 | Crear | Villager (Male) |
| 10:09 | Investigar | Feudal Age |
| 11:43 | Construir | Mill |
| 12:14 | Construir | House |
| 12:19 | Edad | Edad Feudal |
| 12:42 | Construir | Farm |
| 12:47 | Construir | Farm |
| 12:56 | Construir | Farm |
| 13:00 | Construir | Farm |
| 13:03 | Construir | Farm |
| 13:09 | Construir | Farm |
| 13:13 | Construir | Farm |
| 13:48 | Investigar | Double-Bit Axe |
| 13:49 | Investigar | Double-Bit Axe |
| 14:27 | Construir | House |
| 14:33 | Crear | Villager (Male) |
| 14:33 | Crear | Villager (Male) |
| 14:33 | Crear | Villager (Male) |
| 14:38 | Crear | Villager (Male) |
| 15:06 | Construir | Blacksmith |
| 15:23 | Investigar | Horse Collar |
| 15:24 | Investigar | Horse Collar |
| 16:20 | Construir | Market |
| 17:04 | Construir | House |
| 17:12 | Crear | Villager (Male) |
| 17:12 | Crear | Villager (Male) |
| 17:13 | Crear | Villager (Male) |
| 17:42 | Construir | Mining Camp |
| 18:01 | Investigar | Castle Age |
| 18:48 | Construir | Mining Camp |
| 19:57 | Construir | Farm |
| 20:13 | Investigar | Gold Mining |
| 20:14 | Investigar | Stone Mining |
| 20:42 | Edad | Edad de los Castillos |
Build order — MEYMANEUSARİ
Primeras 150 de 265 acciones detectadas
| 0:06 | Construir | House |
| 0:08 | Construir | House |
| 0:11 | Crear | Villager (Male) |
| 0:12 | Crear | Villager (Male) |
| 0:12 | Crear | Villager (Male) |
| 0:12 | Crear | Villager (Male) |
| 0:12 | Crear | Villager (Male) |
| 1:42 | Crear | Villager (Male) |
| 2:25 | Crear | Villager (Male) |
| 2:25 | Crear | Villager (Male) |
| 2:25 | Crear | Villager (Male) |
| 2:57 | Construir | Lumber Camp |
| 3:32 | Crear | Villager (Male) |
| 3:32 | Crear | Villager (Male) |
| 3:32 | Crear | Villager (Male) |
| 4:08 | Crear | Villager (Male) |
| 4:20 | Construir | House |
| 4:31 | Crear | Villager (Male) |
| 4:40 | Construir | House |
| 4:58 | Crear | Villager (Male) |
| 4:58 | Crear | Villager (Male) |
| 5:13 | Construir | Palisade Wall |
| 5:51 | Crear | Villager (Male) |
| 5:52 | Crear | Villager (Male) |
| 5:52 | Crear | Villager (Male) |
| 5:52 | Crear | Villager (Male) |
| 6:25 | Crear | Villager (Male) |
| 6:26 | Crear | Villager (Male) |
| 6:26 | Crear | Villager (Male) |
| 6:26 | Crear | Villager (Male) |
| 7:31 | Construir | Mill |
| 7:35 | Construir | Mill |
| 8:07 | Construir | Mill |
| 8:48 | Construir | Barracks |
| 9:06 | Construir | House |
| 9:10 | Construir | House |
| 9:13 | Construir | House |
| 9:58 | Investigar | Feudal Age |
| 11:14 | Construir | Palisade Wall |
| 11:17 | Construir | Palisade Wall |
| 11:22 | Construir | Palisade Wall |
| 12:08 | Edad | Edad Feudal |
| 12:13 | Construir | Mining Camp |
| 12:22 | Crear | Villager (Male) |
| 12:22 | Crear | Villager (Male) |
| 12:22 | Crear | Villager (Male) |
| 12:23 | Crear | Villager (Male) |
| 12:23 | Crear | Villager (Male) |
| 12:38 | Crear | Villager (Male) |
| 12:51 | Construir | House |
| 13:15 | Construir | Archery Range |
| 13:18 | Construir | Archery Range |
| 13:40 | Investigar | Double-Bit Axe |
| 13:51 | Construir | Farm |
| 13:52 | Construir | Farm |
| 14:00 | Construir | Farm |
| 14:14 | Investigar | Horse Collar |
| 14:31 | Construir | Palisade Wall |
| 14:40 | Construir | House |
| 14:43 | Construir | House |
| 15:08 | Construir | Farm |
| 15:09 | Construir | Farm |
| 15:29 | Construir | Lumber Camp |
| 15:35 | Crear | Villager (Male) |
| 15:36 | Crear | Villager (Male) |
| 15:38 | Crear | Villager (Male) |
| 15:39 | Crear | Villager (Male) |
| 15:41 | Crear | Villager (Male) |
| 15:46 | Crear | Archer |
| 15:46 | Crear | Archer |
| 15:47 | Crear | Archer |
| 15:47 | Crear | Archer |
| 15:48 | Crear | Archer |
| 16:28 | Crear | Villager (Male) |
| 16:51 | Crear | Spearman |
| 16:51 | Crear | Spearman |
| 17:04 | Investigar | Loom |
| 17:06 | Investigar | Wheelbarrow |
| 17:08 | Investigar | Town Watch |
| 17:57 | Construir | Farm |
| 18:02 | Construir | Farm |
| 18:10 | Crear | Villager (Male) |
| 18:10 | Crear | Villager (Male) |
| 18:22 | Construir | Farm |
| 18:39 | Construir | House |
| 18:41 | Construir | House |
| 18:43 | Construir | House |
| 18:45 | Construir | House |
| 18:59 | Crear | Archer |
| 18:59 | Crear | Archer |
| 18:59 | Crear | Archer |
| 18:59 | Crear | Archer |
| 19:00 | Crear | Archer |
| 19:00 | Crear | Archer |
| 19:25 | Construir | Market |
| 19:38 | Construir | Blacksmith |
| 20:04 | Construir | Farm |
| 21:27 | Investigar | Fletching |
| 21:30 | Investigar | Padded Archer Armor |
| 21:41 | Construir | Farm |
| 21:42 | Construir | Farm |
| 21:52 | Construir | Farm |
| 21:53 | Construir | Farm |
| 21:55 | Construir | Farm |
| 22:07 | Construir | Farm |
| 22:08 | Construir | Farm |
| 22:59 | Investigar | Castle Age |
| 25:39 | Edad | Edad de los Castillos |
| 27:01 | Crear | Villager (Male) |
| 27:01 | Crear | Villager (Male) |
| 27:01 | Crear | Villager (Male) |
| 27:02 | Crear | Villager (Male) |
| 27:02 | Crear | Villager (Male) |
| 27:02 | Crear | Villager (Male) |
| 27:04 | Crear | Villager (Male) |
| 27:04 | Crear | Villager (Male) |
| 27:18 | Construir | Mining Camp |
| 27:30 | Investigar | Crossbowman (upgrade) |
| 27:31 | Investigar | Thumb Ring |
| 27:48 | Investigar | Gold Mining |
| 28:01 | Investigar | Heavy Plow |
| 28:04 | Investigar | Bow Saw |
| 28:30 | Construir | Barracks |
| 28:32 | Construir | Barracks |
| 28:41 | Construir | Siege Workshop |
| 29:16 | Crear | Trade Cart |
| 29:17 | Crear | Trade Cart |
| 29:18 | Crear | Trade Cart |
| 29:19 | Crear | Trade Cart |
| 29:19 | Crear | Trade Cart |
| 29:19 | Crear | Trade Cart |
| 29:45 | Crear | Fire Lancer |
| 29:46 | Crear | Fire Lancer |
| 29:50 | Crear | Fire Lancer |
| 29:50 | Crear | Fire Lancer |
| 29:51 | Crear | Fire Lancer |
| 29:51 | Crear | Fire Lancer |
| 29:51 | Crear | Fire Lancer |
| 29:52 | Crear | Fire Lancer |
| 30:09 | Crear | Mangonel |
| 30:24 | Construir | Mining Camp |
| 31:12 | Construir | Lumber Camp |
| 31:37 | Construir | Lumber Camp |
| 32:37 | Construir | Castle |
| 32:58 | Crear | Fire Lancer |
| 32:58 | Crear | Fire Lancer |
| 32:58 | Crear | Fire Lancer |
| 32:58 | Crear | Fire Lancer |
| 32:59 | Crear | Fire Lancer |
| 33:43 | Construir | Town Center |
Build order — SFYR
3 acciones detectadas en el replay
| 2:58 | Construir | House |
| 3:11 | Crear | Villager (Male) ×4 |
| 3:12 | Crear | Villager (Male) ×4 |
Cronología de la partida
| 5:13 | MEYMANEUSARİ · wall_segment Palisade Wall x4 |
| 8:48 | MEYMANEUSARİ · first_building Barracks |
| 11:12 | migrator · first_building Barracks |
| 11:14 | MEYMANEUSARİ · wall_segment Palisade Wall x2 |
| 11:17 | MEYMANEUSARİ · wall_segment Palisade Wall x6 |
| 11:22 | MEYMANEUSARİ · wall_segment Palisade Wall x9 |
| 12:08 | MEYMANEUSARİ · age_up feudal |
| 12:19 | 宝可梦大师盖欧卡 · age_up feudal |
| 12:34 | migrator · age_up feudal |
| 13:15 | MEYMANEUSARİ · first_building Archery Range |
| 14:31 | MEYMANEUSARİ · wall_segment Palisade Wall x7 |
| 14:56 | migrator · first_market_sell 100 stone |
| 14:59 | migrator · first_market_buy 100 food |
| 15:14 | Tolly Wonka · age_up feudal |
| 16:54 | PrawnUnit4591 · wall_segment Stone Wall x17 |
| 17:26 | PrawnUnit4591 · wall_segment Stone Wall x17 |
| 17:49 | 宝可梦大师盖欧卡 · first_market_sell 100 food |
| 18:16 | migrator · age_up castle |
| 18:41 | SFYR · resign |
| 20:08 | PrawnUnit4591 · wall_segment Stone Wall x18 |
| 20:19 | PrawnUnit4591 · wall_segment Stone Wall x18 |
| 20:24 | PrawnUnit4591 · wall_segment Stone Wall x17 |
| 20:42 | 宝可梦大师盖欧卡 · age_up castle |
| 23:13 | migrator · first_building Stable |
| 24:32 | Tolly Wonka · first_building Barracks |
| 25:39 | MEYMANEUSARİ · age_up castle |
| 25:47 | migrator · first_building Siege Workshop |
| 25:54 | Tolly Wonka · first_building Stable |
| 26:05 | Tolly Wonka · first_market_buy 100 food |
| 26:50 | Tolly Wonka · age_up castle |
| 26:53 | PrawnUnit4591 · first_market_buy 100 wood |
| 27:22 | Tolly Wonka · first_building Castle |
| 27:39 | PrawnUnit4591 · wall_segment Stone Wall x10 |
| 28:41 | MEYMANEUSARİ · first_building Siege Workshop |
| 32:37 | MEYMANEUSARİ · first_building Castle |
| 32:40 | PrawnUnit4591 · first_building Barracks |
| 32:59 | migrator · first_building Monastery |
| 33:20 | migrator · first_building Castle |
| 34:39 | PrawnUnit4591 · first_building Stable |
| 35:45 | PrawnUnit4591 · first_building Monastery |
| 35:47 | Tolly Wonka · wall_segment Stone Wall x10 |
| 35:50 | PrawnUnit4591 · first_building Archery Range |
| 35:52 | Tolly Wonka · wall_segment Stone Wall x8 |
| 36:31 | PrawnUnit4591 · first_building Castle |
| 38:18 | Tolly Wonka · wall_segment Stone Wall x13 |
| 38:24 | Tolly Wonka · wall_segment Stone Wall x12 |
| 38:37 | PrawnUnit4591 · first_building Siege Workshop |
| 39:36 | Tolly Wonka · wall_segment Stone Wall x10 |
| 40:24 | Tolly Wonka · wall_segment Stone Wall x8 |
| 40:34 | migrator · age_up imperial |
| 40:49 | Tolly Wonka · wall_segment Stone Wall x3 |
| 41:07 | Tolly Wonka · wall_segment Stone Wall x3 |
| 42:42 | Tolly Wonka · first_building Siege Workshop |
| 43:24 | PrawnUnit4591 · first_market_sell 100 wood |
| 47:23 | MEYMANEUSARİ · age_up imperial |
| 49:09 | Tolly Wonka · age_up imperial |
[ ANÁLISIS IA · 1 CRÉDITO ]
¿Qué pasó realmente en esta partida?
Wolo.gg analiza cada decisión: build order, eco, micro, errores típicos por bracket. Análisis personalizado por WhatsApp o Discord en 30 segundos.
Guía civ
Persas
Perfil
Jugador #22153892